 Dungeon Crawl Stone Soup version 0.29-a0-414-g5075937ec3 (webtiles) character file.

Game seed: 12213897560319615584

11 Sabo the Slasher (level 2, -11/22 HPs)
             Began as a Demonspawn Gladiator on May 15, 2022.
             Was a Follower of Dithmenos.
             Mangled by a goblin
             ... wielding a +2 dagger of distortion
              (13 damage)
             ... on level 1 of the Dungeon.
             The game lasted 00:03:09 (995 turns).

Sabo the Slasher (Demonspawn Gladiator)              Turns: 995, Time: 00:03:10

Health: -11/22     AC:  4    Str: 14    XL:     2   Next: 17%
Magic:  2/2        EV: 14    Int:  9    God:    Dithmenos [*.....]
Gold:   45         SH:  0    Dex: 14    Spells: 1/1 levels left

rFire   . . .      SeeInvis .   a - +0 long sword
rCold   . . .      Faith    .   (no shield)
rNeg    . . .      Spirit   .   b - +0 leather armour
rPois   .          Reflect  .   c - +0 helmet
rElec   .          Harm     .   (no cloak)
rCorr   .          Rampage  .   (no gloves)
Will    .....                   (no boots)
Stlth   +.........              (no amulet)
HPRegen 0.07/turn               (no ring)
MPRegen 0.08/turn               (no ring)

@: wreathed by umbra
A: repulsion field 1
a: Renounce Religion


You were on level 1 of the Dungeon.
You worshipped Dithmenos.
Dithmenos was aware of your devotion.
You visited 1 branch of the dungeon, and saw 1 of its levels.

You collected 45 gold pieces.

Inventory:

Hand Weapons
 a - a +0 long sword (weapon)
Missiles
 d - 3 throwing nets (quivered)
 e - a javelin
 i - 9 poisoned darts
Armour
 b - a +0 leather armour (worn)
 c - a +0 helmet (worn)
Scrolls
 f - a scroll of amnesia {unknown}
 j - a scroll of teleportation {unknown}
Potions
 g - a potion of berserk rage {unknown}
 h - a potion of mutation {unknown}


   Skills:
 + Level 2.0 Fighting
 + Level 3.0 Long Blades
 + Level 1.8 Throwing
 + Level 0.1 Armour
 + Level 2.9 Dodging


You had one spell level left.
You didn't know any spells.
Your spell library contained the following spells:

 Spells                   Type           Power      Damage    Failure   Level
 Gell's Gravitas          Tloc           0%         N/A       83%         3
 Teleport Other           Tloc           0%         N/A       83%         3
 Dispersal                Tloc           0%         N/A       100%        6


Dungeon Overview and Level Annotations

Branches:
Dungeon (1/15)

Altars:
Dithmenos


Innate Abilities, Weirdness & Mutations

You are surrounded by a mild repulsion field. (EV +2)


Message History

There is a stone staircase leading down here.
You see here a +0 dagger.
A goblin comes into view.
It is wielding a +2 dagger of distortion.
The goblin shouts!
You hear an angry hiss.
A ball python comes into view.
The ball python moves out of view.
You hit the goblin.
The goblin is heavily wounded.
The goblin hits you with a +2 dagger of distortion.
You blink.
Found 8 gold pieces.
The ball python bites you but does no damage.
The ball python grabs you. The ball python constricts you.
You escape the ball python's grasp.
The ball python attacks as you move away!
The ball python barely misses you. x2
You barely miss the ball python. The ball python barely misses you.
The ball python misses you. The ball python bites you.
The ball python misses you.
You slash the ball python!
You kill the ball python!
Dithmenos accepts your kill. The goblin hits you but does no damage.
You blink.
The goblin barely misses you.
You hit the goblin. Your punch misses the goblin.
The goblin is heavily wounded.
The goblin hits you but does no damage. Space warps around you.
You closely miss the goblin.
The goblin is heavily wounded.
The goblin hits you with a +2 dagger of distortion.
The goblin closely misses you.
You completely miss the goblin.
The goblin is moderately wounded.
The goblin hits you with a +2 dagger of distortion.
Space warps around you.
* * * LOW HITPOINT WARNING * * *
You closely miss the goblin. The goblin closely misses you.
You barely miss the goblin. The goblin hits you but does no damage.
Space warps horribly around you!
Ouch! That really hurt!
You die...

.. #.# #.#### #....
#...# #.
######...###.##########
..
...........$.#.........
## .#######g..#
###......... ..
..#....@..+ ..#[........
#.#.#.###...#
#.#.........
#...#.###...#
#.#.........
#...########.#.........
#.)..........#.........
#..................####
#..................####
###.#.#############.#...
#...#+## #.#.##


You could see a goblin.

Vanquished Creatures
  2 ball pythons (D:1)
  A bat (D:1)
  A giant cockroach (D:1)
  2 hobgoblins (D:1)
  A kobold (D:1)
  2 goblins (D:1)
  2 rats (D:1)
11 creatures vanquished.

Notes
Turn   | Place    | Note
-------+----------+-------------------------------------------
     0 | D:1      | Sabo the Demonspawn Gladiator began the quest for the Orb.
     0 | D:1      | Reached XP level 1. HP: 16/16 MP: 1/1
   389 | D:1      | Reached skill level 3 in Long Blades
   389 | D:1      | Gained mutation: You are surrounded by a mild repulsion
                  | field. (EV +2) [demonic ancestry]
   389 | D:1      | Reached XP level 2. HP: 10/22 MP: 2/2
   695 | D:1      | Found a faded altar of an unknown god.
   737 | D:1      | Prayed at the altar of an unknown god.
   737 | D:1      | Became a worshipper of Dithmenos the Shadowed
   737 | D:1      | Reached * piety under Dithmenos
   995 | D:1      | Mangled by a goblin

Illustrated notes

Levels and vault maps discovered:
D:1:      saegor_arrival_simple_d, layout_basic, shapermc_ecumenical_altar_venn,
          minmay_crystal_room, amcnicky_mini_rare_corridor_liquid

Skill      XL: |  1 |
---------------+----+-----
Long Blades    | 3 |  3.0
Fighting       | |  2.0
Throwing       | |  1.8
Armour         | |  0.1
Dodging        | |  2.9

Action                   || total
-------------------------++-------
Melee: Long sword        ||    39
       Punch             ||     1
Armor: Leather armour    ||    12
Dodge: Dodged            ||    20

Table legend: (Time is in decaauts)
 A = Elapsed time spent in this place.
 B = Non-inter-level travel time spent in this place.
 C = Inter-level travel time spent in this place.
 D = Time resting spent in this place.
 E = Time spent auto-exploring this place.
 F = Levels seen in this place.
 G = Mean time per level.
                   A        B        C        D        E       F      G
               +--------+--------+--------+--------+--------+-----+--------+
         Total |   1004 |   1004 |      0 |    396 |      0 |   1 | 1004.0 |
       Dungeon |   1004 |   1004 |      0 |    396 |      0 |   1 | 1004.0 |
               +--------+--------+--------+--------+--------+-----+--------+

Top non-repeatable levels by time:
     D:1: 1004 daAuts
